 Dungeon Crawl Stone Soup version 0.30-a0-919-g9323dee000 (webtiles) character file.

Game seed: 6185061984012051104

14914 Kalkom the Brawler (level 11, -9/101 HPs)
             Began as a Troll Fighter on Mar 21, 2023.
             Was a Priest of Wu Jian.
             Mangled by a red ugly thing (22 damage)
             ... on level 10 of the Dungeon.
             The game lasted 00:17:11 (8770 turns).

Kalkom the Brawler (Troll Fighter)                  Turns: 8770, Time: 00:17:12

Health: -9/101     AC:  7    Str: 26    XL:     11   Next: 95%
Magic:  10/10      EV:  8    Int:  8    God:    Wu Jian [***...]
Gold:   666        SH: 14    Dex:  9    Spells: 10/10 levels left

rFire   . . .      SeeInvis +      - Unarmed
rCold   . . .      Faith    .    b - +0 kite shield
rNeg    . . .      Spirit   .    K - +0 troll leather armour
rPois   .          Reflect  +    (helmet restricted)
rElec   .          Rampage  .    r - +0 cloak
rCorr   .                        (gloves unavailable)
Will    .....                    (boots unavailable)
Stlth   +                        w - amulet of reflection
HPRegen 1.96/turn                m - ring of see invisible
MPRegen 0.12/turn                (no ring)

@: exhausted
A: large, unfitting armour, claws 3, regeneration 1, shaggy fur 1, tough skin 1
a: Renounce Religion, Wall Jump, Serpent's Lash


You were on level 10 of the Dungeon.
You worshipped Wu Jian.
Wu Jian was most pleased with you.
You visited 2 branches of the dungeon, and saw 12 of its levels.

You collected 666 gold pieces.

Inventory:

Armour
 a - a +0 robe
 b - a +0 kite shield (worn)
 r - a +0 cloak (worn)
 v - a +1 cloak
 G - +0 steam dragon scales
 H - a +0 cloak
 K - a +0 troll leather armour (worn)
Jewellery
 m - a ring of see invisible (left claw)
 w - an amulet of reflection (around neck)
 N - a ring of willpower
Wands
 z - a wand of polymorph (13)
 B - a wand of mindburst (19)
 E - a wand of roots (11)
 M - a wand of flame (7)
Scrolls
 d - 3 scrolls of noise {unknown}
 e - 3 scrolls of magic mapping {unknown}
 g - 2 scrolls of poison {unknown}
 h - 6 scrolls of identify {unknown}
 k - 4 scrolls of immolation {unknown}
 u - 3 scrolls of fear {unknown}
 y - 2 scrolls of teleportation {unknown}
 A - 2 scrolls of vulnerability {unknown}
 C - 2 scrolls of enchant armour {unknown}
 F - 3 scrolls of fog {unknown}
 J - 2 scrolls of acquirement {unknown}
 L - a scroll of silence {unknown}
 O - a scroll of blinking {unknown}
Potions
 c - 2 potions of might
 f - 2 potions of haste
 i - 3 potions of curing
 j - 3 potions of heal wounds {unknown}
 l - 3 potions of invisibility {unknown}
 n - 4 potions of degeneration {unknown}
 o - 3 potions of lignification {unknown}
 p - 2 potions of brilliance {unknown}
 q - 4 potions of attraction {unknown}
 s - 3 potions of cancellation {unknown}
 t - 3 potions of mutation {unknown}
 x - 3 potions of berserk rage {unknown}
 D - a potion of ambrosia {unknown}
 I - 2 potions of flight {unknown}


   Skills:
 + Level 4.9 Fighting
 + Level 2.4 Armour
 - Level 2.4 Dodging
 - Level 1.3 Stealth
 + Level 7.5 Shields
 * Level 16.5 Unarmed Combat


You had 10 spell levels left.
You didn't know any spells.
Your spell library contained the following spells:

 Spells                   Type           Power      Damage    Failure   Level
 Freeze                   Ice            0%         1d3       69%         1
 Sandblast                Erth           0%         2d4       69%         1
 Blink                    Tloc           0%         N/A       83%         2
 Lesser Beckoning         Tloc           0%         N/A       83%         2
 Momentum Strike          Conj/Tloc      0%         3d8       83%         2
 Passwall                 Tmut/Erth      0%         N/A       83%         2
 Frozen Ramparts          Ice            0%         1d1       96%         3
 Gell's Gravitas          Tloc           0%         N/A       96%         3
 Hailstorm                Conj/Ice       0%         3d3       96%         3
 Stone Arrow              Conj/Erth      0%         3d7       96%         3
 Teleport Other           Tloc           0%         N/A       96%         3
 Dispersal                Tloc           0%         N/A       100%        6


Dungeon Overview and Level Annotations

Branches:
Dungeon (11/15)            Temple (1/1) D:6            Lair (0/5) D:11
    Orc (0/2) D:11

Altars:
Ashenzari
Cheibriados
Dithmenos
Fedhas
Gozag
Hepliaklqana
Kikubaaqudgha
Makhleb
Nemelex Xobeh
Okawaru
Qazlal
Ru
Sif Muna
Trog
Uskayaw
Vehumet
Wu Jian
Xom
Yredelemnul
Zin
The Shining One


Innate Abilities, Weirdness & Mutations

You are too large for most types of armour.
You have claws for hands.
Your natural rate of healing is unusually fast.
You are covered in fur. (AC +1)
You have tough skin. (AC +1)


Message History

You start resting.
HP restored.
(D) Dungeon (T) Temple (L) Lair (O) Orcish Mines
Where to? (Enter - D:10 @ (x,y), ? - help)
There is a stone staircase leading down here.
You climb downwards.
You block the red ugly thing's attack.
There is a stone staircase leading up here.
The yak barely misses you. The red ugly thing engulfs you!
You are engulfed in flames!
You climb upwards.
There is a stone staircase leading down here.
You mangle the yak!!
The yak is severely wounded.
The yak gores you! You block the red ugly thing's attack.
The red ugly thing attacks as you move away!
The red ugly thing engulfs you!
You are engulfed in flames!!
There is an open door here.
The yak attacks as you move away! The yak gores you but does no damage.
You claw the yak!
You kill the yak!
The Council accepts your kill.
You claw the red ugly thing!
The red ugly thing is moderately wounded.
The red ugly thing engulfs you!
You are engulfed in flames!
* * * LOW HITPOINT WARNING * * *
Okay, then.
You feel better. The red ugly thing engulfs you!
* * * LOW HITPOINT WARNING * * *
You are engulfed in flames!
* * * LOW HITPOINT WARNING * * *
Okay, then.
Your muscles tense, ready for explosive movement...
Your supernatural speed expires.
There is an open door here.
You open the door.
The red ugly thing attacks as you move away!
The red ugly thing engulfs you!
* * * LOW HITPOINT WARNING * * *
You are engulfed in flames!!
You die...

##.# #.## #..# #.#
###.## #.# #...# #.#
#####'###### ###'###
#..........####......
#..........'.##......
#..........#..u>.....
#...@u.....####......
###'######## #......
#....# #...... ####.#
#...... #.# ###....
###.### ####.###
#.....### #.......
#.....††# #.......
#.....#†# #.......


You could see a red ugly thing.

Vanquished Creatures
  A boulder beetle (D:10)
  A two-headed ogre (D:11)
  Pikel (D:6)
  2 cyclopes (D:11)
  An elephant (D:11)
  An unseen horror (D:10)
  A gargoyle (D:10)
  Maggie (D:9)
  2 trolls (D:10)
  A water elemental (D:11)
  Sigmund (D:4)
  A vampire (D:11)
  3 wraiths
  20 yaks
  3 wyverns
  Eustachio (D:5)
  A steam dragon (D:7)
  4 vampire mosquitoes
  An acid dragon (D:10)
  3 water moccasins
  Duvessa (D:6)
  2 orc warriors
  5 ice beasts
  2 ogres
  2 sky beasts (D:7)
  2 black bears
  A lemure (D:6)
  4 centaurs
  2 phantoms (D:5)
  2 kobold brigands (D:5)
  4 necrophages (D:4)
  6 bullfrogs
  5 scorpions
  Dowan (D:6)
  11 wights
  15 killer bees
  2 howler monkeys
  10 hounds
  A human zombie (D:4)
  5 orc priests
  Crazy Yiuf (D:2)
  2 gnoll boudas
  A sleepcap (D:4)
  3 iguanas
  16 orc wizards
  A hound zombie (D:4)
  4 mummies (D:4)
  9 adders
  6 gnolls
  3 white imps
  A worm (D:3)
  5 dart slugs
  33 orcs
  6 endoplasms
  5 giant cockroaches
  9 goblins
  3 hobgoblins
  3 quokkas
  3 ball pythons
  A bat (D:3)
  A frilled lizard (D:3)
  7 kobolds
  A rat (D:1)
  A spectral goblin (D:10)
258 creatures vanquished.

Notes
Turn   | Place    | Note
-------+----------+-------------------------------------------
     0 | D:1      | Kalkom the Troll Fighter began the quest for the Orb.
     0 | D:1      | Reached XP level 1. HP: 22/22 MP: 0/0
   179 | D:1      | Reached XP level 2. HP: 29/29 MP: 1/1
   885 | D:2      | Reached skill level 3 in Unarmed Combat
   885 | D:2      | Reached XP level 3. HP: 36/36 MP: 2/2
   978 | D:2      | Found a bloodstained altar of Trog.
  1194 | D:2      | Found a runed translucent door.
  1195 | D:2      | Noticed Crazy Yiuf
  1205 | D:2      | Killed Crazy Yiuf
  1206 | D:2      | Reached XP level 4. HP: 21/44 MP: 3/3
  1624 | D:3      | Reached skill level 4 in Unarmed Combat
  1664 | D:3      | Found a bloodstained altar of Trog.
  1750 | D:3      | Found a glowing silver altar of Zin.
  1776 | D:3      | Reached XP level 5. HP: 51/53 MP: 4/4
  1918 | D:3      | Found a hide-covered altar of Uskayaw.
  2061 | D:3      | Noticed an air elemental
  2063 | D:3      | Found a stormy altar of Qazlal.
  2067 | D:3      | Noticed a fire elemental
  2067 | D:3      | Noticed a water elemental
  2447 | D:4      | Noticed Sigmund
  2454 | D:4      | Killed Sigmund
  2455 | D:4      | Reached skill level 5 in Unarmed Combat
  2455 | D:4      | Reached XP level 6. HP: 49/61 MP: 5/5
  2539 | D:4      | Reached skill level 6 in Unarmed Combat
  2548 | D:4      | Found a basalt altar of Yredelemnul.
  2568 | D:4      | Reached XP level 7. HP: 67/67 MP: 6/6
  2612 | D:4      | Reached skill level 7 in Unarmed Combat
  2687 | D:4      | Reached skill level 1 in Stealth
  2846 | D:4      | Reached XP level 8. HP: 75/75 MP: 7/7
  2876 | D:4      | Reached skill level 8 in Unarmed Combat
  3435 | D:5      | Entered Level 5 of the Dungeon
  3637 | D:5      | Reached skill level 9 in Unarmed Combat
  3644 | D:5      | Found a shimmering altar of Xom.
  3960 | D:5      | Reached skill level 10 in Unarmed Combat
  4068 | D:5      | Reached XP level 9. HP: 84/84 MP: 8/8
  4334 | D:6      | Found a staircase to the Ecumenical Temple.
  4386 | Temple   | Entered the Ecumenical Temple
  4394 | Temple   | Became a worshipper of the Wu Jian Council
  4440 | D:6      | Reached skill level 11 in Unarmed Combat
  4511 | D:6      | Noticed Eustachio
  4519 | D:6      | Reached skill level 5 in Shields
  4702 | D:5      | Killed Eustachio
  4727 | D:6      | Noticed Pikel
  4744 | D:6      | Killed Pikel
  4745 | D:6      | Reached skill level 12 in Unarmed Combat
  4830 | D:6      | Noticed Duvessa
  4833 | D:6      | Noticed Dowan
  4842 | D:6      | Killed Duvessa
  4844 | D:6      | Killed Dowan
  4965 | D:7      | Reached XP level 10. HP: 94/94 MP: 9/9
  4993 | D:7      | Found a glowing golden altar of the Shining One.
  5003 | D:7      | Reached * piety under Wu Jian
  5336 | D:7      | Found a broken altar of Ashenzari.
  5390 | D:6      | Reached skill level 13 in Unarmed Combat
  6001 | D:8      | Reached ** piety under Wu Jian
  6157 | D:8      | Found a shadowy altar of Dithmenos.
  6295 | D:8      | Found an opulent altar of Gozag.
  6380 | D:8      | Reached skill level 14 in Unarmed Combat
  6573 | D:9      | Found a radiant altar of Vehumet.
  6577 | D:9      | Found a snail-covered altar of Cheibriados.
  6720 | D:9      | Noticed Maggie
  6730 | D:9      | Killed Maggie
  7238 | D:10     | Entered Level 10 of the Dungeon
  7331 | D:10     | Found a hazy altar of Hepliaklqana.
  7424 | D:10     | Reached XP level 11. HP: 65/101 MP: 10/10
  7499 | D:10     | Reached skill level 15 in Unarmed Combat
  7783 | D:10     | Reached *** piety under Wu Jian
  7860 | D:10     | Found an ancient bone altar of Kikubaaqudgha.
  8089 | D:11     | Found a staircase to the Orcish Mines.
  8112 | D:11     | Noticed a two-headed ogre
  8121 | D:11     | Reached skill level 1 in Armour
  8127 | D:11     | Killed a two-headed ogre
  8254 | D:11     | Found a staircase to the Lair.
  8298 | D:11     | Reached skill level 16 in Unarmed Combat
  8680 | D:11     | Noticed a boulder beetle
  8680 | D:11     | Noticed a red ugly thing
  8728 | D:10     | Killed a boulder beetle
  8770 | D:10     | Mangled by a red ugly thing

Illustrated notes

Levels and vault maps discovered:
D:1:      zelgadis_glass_arrival_small, layout_loops_corners
D:2:      layout_loops_ring, basic_altar, uniq_crazy_yiuf_cottage
D:3:      layout_loops_ring, mainiacjoe_overflow_alcove_4,
          mainiacjoe_overflow_24_doors, nicolae_uskayaw_suspiria,
          nicolae_qazlal_style_of_elements, minmay_misc_feat_secret_circle
D:4:      layout_cave_pods, lemuel_mausoleum_altar_yredelemnul,
          hangedman_decor_slide_cut, uniq_sigmund
D:5:      layout_basic, mainiacjoe_overflow_catwalk, minmay_bent
D:6:      layout_rooms, minmay_temple_entry_mist, uniq_eustachio, uniq_duvessa,
          uniq_pikel
D:7:      minmay_razor_zed, layout_rooms, lemuel_round_altar,
          overflow_temple_1_default
D:8:      layout_gridville, nicolae_overflow_hidden_temple,
          general_overflow_altar, mainiacjoe_overflow_cross_hatched
D:9:      layout_loops_ring, mainiacjoe_overflow_six_doors_small,
          cheibriados_altar_1, chequers_decorated_corner, uniq_maggie
D:10:     layout_roguey, nicolae_hepliaklqana_monster_ancestors,
          mainiacjoe_overflow_alcove_1, chequers_serial_rivers_room_b
D:11:     layout_basic, david_lair_generic, minmay_orc_entry_temple_small,
          minivault_16, kennysheep_generic_room_7
Temple:   nicolae_temple_little_seven

Skill      XL: |  1  2  3  4  5  6  7  8  9 10 11 |
---------------+----------------------------------+-----
Shields        | 3 4 5 6 7 |  7.5
Unarmed Combat | 3 4 5 6 7 10 12 14 16 | 16.5
Fighting       | 3 4 |  4.9
Stealth        | 1 |  1.3
Armour         | 2 |  2.4
Dodging        | |  2.4

Action                     |  1- 3 |  4- 6 |  7- 9 | 10-12 || total
---------------------------+-------+-------+-------+-------++-------
  Melee: Unarmed           |    72 |   120 |   330 |   454 ||   976
 Invoke: Serpent's Lash    |       |       |       |     1 ||     1
Ability: Lunge             |       |       |     4 |    21 ||    25
         Whirlwind         |       |       |       |    91 ||    91
    Use: Potion            |       |       |     1 |     1 ||     2
   Stab: Sleeping          |     1 |     1 |     1 |     2 ||     5
         Distracted        |       |       |       |     1 ||     1
 Armour: Robe              |    15 |    35 |   108 |    21 ||   179
         Steam dragon scal |       |       |       |    49 ||    49
         Troll leather arm |       |       |       |    38 ||    38
  Dodge: Dodged            |    16 |    38 |   113 |   134 ||   301
  Block: Kite shield       |    24 |    41 |   132 |   258 ||   455
         Reflection        |       |       |       |     6 ||     6

Table legend: (Time is in decaauts)
 A = Elapsed time spent in this place.
 B = Non-inter-level travel time spent in this place.
 C = Inter-level travel time spent in this place.
 D = Time resting spent in this place.
 E = Time spent auto-exploring this place.
 F = Levels seen in this place.
 G = Mean time per level.
                   A        B        C        D        E       F      G
               +--------+--------+--------+--------+--------+-----+--------+
         Total |   8740 |   8359 |    381 |    423 |   5785 |  12 |  728.3 |
       Dungeon |   8723 |   8342 |    381 |    423 |   5785 |  11 |  793.0 |
        Temple |     16 |     16 |      0 |      0 |      0 |   1 |   16.0 |
               +--------+--------+--------+--------+--------+-----+--------+

Top non-repeatable levels by time:
     D:4: 1170 daAuts
    D:10: 950 daAuts
     D:3: 877 daAuts
     D:1: 850 daAuts
     D:7: 810 daAuts
     D:5: 792 daAuts
     D:8: 755 daAuts
     D:2: 696 daAuts
     D:9: 634 daAuts
     D:6: 622 daAuts
    D:11: 562 daAuts
  Temple: 16 daAuts
